 Dungeon Crawl Stone Soup version 0.29.1-1-gd02db6906a (webtiles) character file.

Game seed: 14871691790667737240

14 xian the Trooper (level 2, -2/24 HPs)
             Began as a Demonspawn Cinder Acolyte on Oct 11, 2022.
             Was a High Priest of Ignis.
             Slain by a rat (3 damage)
             ... on level 1 of the Dungeon.
             The game lasted 00:01:29 (1031 turns).

xian the Trooper (Demonspawn Cinder Acolyte)        Turns: 1031, Time: 00:01:29

Health: -2/24      AC:  2    Str: 14    XL:     2   Next: 27%
Magic:  3/3        EV: 11    Int: 15    God:    Ignis [*****.]
Gold:   7          SH:  4    Dex:  8    Spells: 3/3 levels left

rFire   + . .      SeeInvis .   e - +0 dagger (pain)
rCold   . . .      Faith    .   (no shield)
rNeg    . . .      Spirit   .   b - +0 robe
rPois   .          Reflect  .   (no helmet)
rElec   .          Harm     .   (no cloak)
rCorr   .          Rampage  .   (no gloves)
Will    .....                   (no boots)
Stlth   +.........              (no amulet)
HPRegen 0.08/turn               (no ring)
MPRegen 0.08/turn               (no ring)

@: no status effects
A: condensation shield
a: Renounce Religion, Fiery Armour, Foxfire Swarm, Rising Flame


You were on level 1 of the Dungeon.
You worshipped Ignis.
Ignis was extremely pleased with you.
You visited 1 branch of the dungeon, and saw 1 of its levels.

You collected 7 gold pieces.

Inventory:

Hand Weapons
 e - a +0 dagger of pain (weapon)
Missiles
 f - 5 stones (quivered)
Armour
 b - a +0 robe (worn)
Scrolls
 c - a scroll of enchant armour {unknown}
Potions
 a - a potion of curing {unknown}
 d - a potion of attraction {unknown}


   Skills:
 + Level 3.2 Fighting
 + Level 2.8 Axes
 + Level 0.3 Dodging
 + Level 1.0 Spellcasting
 + Level 3.0 Fire Magic


You had 3 spell levels left.
You didn't know any spells.
Your spell library contained the following spells:

 Spells                   Type           Power      Damage    Failure   Level
 Scorch                   Fire           18%        2d6       11%         2
 Necrotise                Necr           0%         1d4       24%         1
 Vampiric Draining        Necr           0%         2d6       58%         3
 Agony                    Necr           0%         N/A       100%        5


Dungeon Overview and Level Annotations

Branches:
Dungeon (1/15)

Altars:


Innate Abilities, Weirdness & Mutations

A meltable shield of frost defends you. (SH +4)


Message History

The hobgoblin is moderately wounded.
The hobgoblin misses you. You block the rat's attack.
You barely miss the hobgoblin.
You punch the hobgoblin, but do no damage.
The hobgoblin is lightly wounded.
The hobgoblin hits you but does no damage.
The rat closely misses you.
Okay, then.
You don't know any spells.
Unknown command.
Unknown command.
Unknown command.
Unknown command.
You hit the hobgoblin.
The hobgoblin is moderately wounded.
The hobgoblin hits you but does no damage.
The rat bites you.
You hit the hobgoblin but do no damage.
The hobgoblin is moderately wounded.
The hobgoblin hits you. The rat bites you but does no damage.
You closely miss the hobgoblin.
The hobgoblin is lightly wounded.
The hobgoblin barely misses you. The rat barely misses you.
You hit the hobgoblin but do no damage.
The hobgoblin is lightly wounded.
You block the rat's attack. The hobgoblin hits you.
* * * LOW HITPOINT WARNING * * *
You hit the hobgoblin but do no damage.
The hobgoblin is lightly wounded.
The rat barely misses you. The hobgoblin hits you.
* * * LOW HITPOINT WARNING * * *
You hit the hobgoblin.
The hobgoblin is moderately wounded.
You block the hobgoblin's attack. The rat closely misses you.
You hit the hobgoblin but do no damage.
The hobgoblin is moderately wounded.
The hobgoblin hits you.
* * * LOW HITPOINT WARNING * * *
The rat bites you.
You die...

...####.####........#####
#.÷................
######.####.#.#####
#.####.# # #.#.†..#
#.#.#### #.#.# #.#.####.#
#@g........
......r##.#.##### .......
..#.# ####.#. ### # #.#.
# #. ##


You could see a hobgoblin and a rat.

Vanquished Creatures
  A ball python (D:1)
  2 endoplasms (D:1)
  A giant cockroach (D:1)
  A goblin (D:1)
  3 kobolds (D:1)
  A quokka (D:1)
  A frilled lizard (D:1)
  2 rats (D:1)
12 creatures vanquished.

Vanquished Creatures (others)
  7 plants (D:1)
7 creatures vanquished.

Grand Total: 19 creatures vanquished

Notes
Turn   | Place    | Note
-------+----------+-------------------------------------------
     0 | D:1      | xian the Demonspawn Cinder Acolyte began the quest for the
                  | Orb.
     0 | D:1      | Reached XP level 1. HP: 18/18 MP: 2/2
     6 | D:1      | Noticed a swamp drake
     7 | D:1      | Noticed a salamander
     7 | D:1      | Noticed a scorpion
   558 | D:1      | Gained mutation: A meltable shield of frost defends you.
                  | (SH +4) [demonic ancestry]
   558 | D:1      | Reached XP level 2. HP: 24/24 MP: 3/3
  1031 | D:1      | HP: 1/24 [hobgoblin (3)]
  1031 | D:1      | Slain by a rat

Illustrated notes

Levels and vault maps discovered:
D:1:      onia_arrival_zoo_common, layout_loops_ring,
          shapermc_ecumenical_altar_rom_forum, serial_bayou_pond_b,
          patterned_corridor

Skill      XL: |  1  2 |
---------------+-------+-----
Fire Magic     | 3 |  3.0
Fighting       | |  3.2
Axes           | |  2.8
Dodging        | |  0.3
Spellcasting   | |  1.0

Action                   || total
-------------------------++-------
Melee: Dagger            ||    82
       Hand axe          ||     6
       Punch             ||     1
Armor: Robe              ||    17
Dodge: Dodged            ||    46
Block: Other             ||    14
